PIO (24 & UNDER)
CHULA VISTA TACOS @ JASPER COUGARS
09/30/2029
 
TOP OF THE 1ST
Chula Vista Tacos batting - Pitching for Jasper Cougars : LHP Logan Brown
Pitching: LHP Logan Brown
Batting: RHB Preston Wooten 0-0: Foul Ball, location: 2F
0-1: Fly out, F3 (Popup, 3DF)
Batting: RHB Kevin Wilson 0-0: Ball
1-0: DOUBLE (Line Drive, 89D)
Batting: RHB Germán Ontiveros 0-0: Ball
1-0: Foul Ball, location: 2F
1-1: Swinging Strike
1-2: Strikes out swinging
Batting: LHB Vernon Hill 0-0: Foul Ball, location: 2F
0-1: Foul Ball, location: 2F
0-2: Ball
1-2: Fly out, F9 (Line Drive, 9D)
Top of the 1st over - 0 runs, 1 hit, 0 errors, 1 left on base; Chula Vista 0 - Jasper 0
BOTTOM OF THE 1ST
Jasper Cougars batting - Pitching for Chula Vista Tacos : RHP Hoyt Baldwin
Pitching: RHP Hoyt Baldwin
Batting: RHB Ben Wilson 0-0: Ball
1-0: Foul Ball, location: 2F
1-1: Ball
2-1: Ground out 5-3 (Groundball, 56)
Batting: LHB John Miller 0-0: Ball
1-0: SINGLE (Flyball, 6MD)
Batting: RHB José Maldonado 0-0: Called Strike
0-1: Foul Ball, location: 2F
0-2: Ball
1-2: Foul Ball, location: 2F
1-2: Strikes out looking
Batting: RHB Júlio González 0-0: Ball
1-0: Ground out 4-3 (Groundball, 34)
Bottom of the 1st over - 0 runs, 1 hit, 0 errors, 1 left on base; Chula Vista 0 - Jasper 0
TOP OF THE 2ND
Chula Vista Tacos batting - Pitching for Jasper Cougars : LHP Logan Brown
Batting: RHB Juan García 0-0: Ball
1-0: Ground out 6-3 (Groundball, 6)
Batting: SHB Tony Varela 0-0: Called Strike
0-1: Swinging Strike
0-2: Strikes out swinging
Batting: RHB Gonzalo García 0-0: Fly out, F5 (Line Drive, 56)
Top of the 2nd over - 0 runs, 0 hits, 0 errors, 0 left on base; Chula Vista 0 - Jasper 0
BOTTOM OF THE 2ND
Jasper Cougars batting - Pitching for Chula Vista Tacos : RHP Hoyt Baldwin
Batting: SHB Jerry Young 0-0: Ball
1-0: Foul Ball, location: 2F
1-1: Ball
2-1: Foul Ball, location: 2F
2-2: Foul Ball, location: 2F
2-2: Foul Ball, location: 2F
2-2: Strikes out swinging
Batting: RHB Alberto Morín 0-0: Ball
1-0: Ball
2-0: Called Strike
2-1: Foul Ball, location: 2F
2-2: Strikes out looking
Batting: RHB Alberto Castillo 0-0: Called Strike
0-1: Foul Ball, location: 2F
0-2: Ball
1-2: Fly out, F8 (Flyball, 8LD)
Bottom of the 2nd over - 0 runs, 0 hits, 0 errors, 0 left on base; Chula Vista 0 - Jasper 0
TOP OF THE 3RD
Chula Vista Tacos batting - Pitching for Jasper Cougars : LHP Logan Brown
Batting: RHB Nelson Wright 0-0: Ball
1-0: Foul Ball, location: 2F
1-1: Fly out, F9 (Flyball, 9)
Batting: RHB Dan Salazar 0-0: Called Strike
0-1: Foul Ball, location: 2F
0-2: Ball
1-2: Foul Ball, location: 2F
1-2: Strikes out swinging
Batting: RHB Preston Wooten 0-0: Ball
1-0: Ball
2-0: Called Strike
2-1: Ball
3-1: Base on Balls
Batting: RHB Kevin Wilson 0-0: Ball
Preston Wooten is caught stealing 2nd base
Top of the 3rd over - 0 runs, 0 hits, 0 errors, 0 left on base; Chula Vista 0 - Jasper 0
BOTTOM OF THE 3RD
Jasper Cougars batting - Pitching for Chula Vista Tacos : RHP Hoyt Baldwin
Batting: RHB Preston Manning 0-0: Foul Ball, location: 2F
0-1: Swinging Strike
0-2: Ball
1-2: Ball
2-2: Foul Ball, location: 2F
2-2: SINGLE (Groundball, 6MD)
Batting: RHB Richie Sawyer 0-0: Ball
1-0: Ball
2-0: Ball
3-0: Called Strike
3-1: Foul Ball, location: 2F
3-2: Base on Balls
Preston Manning to second
Batting: RHB Ben Wilson 0-0: Fly out, F9 (Line Drive, 9D)
Batting: LHB John Miller 0-0: Ball
1-0: Ball
2-0: Called Strike
2-1: 3-RUN HOME RUN (Flyball, 9D), Distance : 352 ft
Batting: RHB José Maldonado 0-0: Called Strike
0-1: Foul Ball, location: 2F
0-2: Ball
1-2: Ball
2-2: Foul Ball, location: 2F
2-2: Ground out 4-3 (Groundball, 4)
Batting: RHB Júlio González 0-0: Fly out, F4 (Popup, 4M)
Bottom of the 3rd over - 3 runs, 2 hits, 0 errors, 0 left on base; Chula Vista 0 - Jasper 3
TOP OF THE 4TH
Chula Vista Tacos batting - Pitching for Jasper Cougars : LHP Logan Brown
Batting: RHB Kevin Wilson 0-0: Ball
1-0: Ball
2-0: Ball
3-0: Foul Ball, location: 2F
3-1: Called Strike
3-2: Foul Ball, location: 2F
3-2: Base on Balls
Batting: RHB Germán Ontiveros 0-0: Fly out, F8 (Flyball, 8RD)
Batting: LHB Vernon Hill 0-0: Called Strike
0-1: Foul Ball, location: 2F
0-2: Strikes out swinging
Batting: RHB Juan García 0-0: Called Strike
0-1: Called Strike
0-2: Ball
1-2: Ball
2-2: Ball
3-2: Foul Ball, location: 2F
3-2: Foul Ball, location: 2F
3-2: Fly out, F7 (Flyball, 78S)
Top of the 4th over - 0 runs, 0 hits, 0 errors, 1 left on base; Chula Vista 0 - Jasper 3
BOTTOM OF THE 4TH
Jasper Cougars batting - Pitching for Chula Vista Tacos : RHP Hoyt Baldwin
Batting: SHB Jerry Young 0-0: Called Strike
0-1: Swinging Strike
0-2: Strikes out swinging, 2-3 out at first.
Batting: RHB Alberto Morín 0-0: Called Strike
0-1: Fly out, F6 (Line Drive, 6)
Batting: RHB Alberto Castillo 0-0: Called Strike
0-1: Ball
1-1: Swinging Strike
1-2: Ball
2-2: Foul Ball, location: 2F
2-2: Strikes out swinging
Bottom of the 4th over - 0 runs, 0 hits, 0 errors, 0 left on base; Chula Vista 0 - Jasper 3
TOP OF THE 5TH
Chula Vista Tacos batting - Pitching for Jasper Cougars : LHP Logan Brown
Batting: SHB Tony Varela 0-0: Swinging Strike
0-1: Foul Ball, location: 2F
0-2: SINGLE (Groundball, 34D)
Batting: RHB Gonzalo García 0-0: Swinging Strike
0-1: Swinging Strike
0-2: Ball
1-2: Strikes out swinging
Batting: RHB Nelson Wright 0-0: Ball
1-0: Ball
2-0: Swinging Strike
2-1: Called Strike
2-2: Foul Ball, location: 2F
2-2: Foul Ball, location: 2F
2-2: Strikes out swinging
Batting: RHB Dan Salazar 0-0: Called Strike
0-1: Ball
1-1: Ground out 6-3 (Groundball, 6S)
Top of the 5th over - 0 runs, 1 hit, 0 errors, 1 left on base; Chula Vista 0 - Jasper 3
BOTTOM OF THE 5TH
Jasper Cougars batting - Pitching for Chula Vista Tacos : RHP Hoyt Baldwin
Batting: RHB Preston Manning 0-0: Ball
1-0: Swinging Strike
1-1: Ball
2-1: Ball
3-1: Foul Ball, location: 2F
3-2: Fly out, F9 (Flyball, 9LS)
Batting: RHB Richie Sawyer 0-0: Ball
1-0: Fly out, F6 (Line Drive, 56)
Batting: RHB Ben Wilson 0-0: Swinging Strike
0-1: Called Strike
0-2: Strikes out swinging
Bottom of the 5th over - 0 runs, 0 hits, 0 errors, 0 left on base; Chula Vista 0 - Jasper 3
TOP OF THE 6TH
Chula Vista Tacos batting - Pitching for Jasper Cougars : LHP Logan Brown
Batting: RHB Preston Wooten 0-0: Foul Ball, location: 2F
0-1: SINGLE (Line Drive, 6M)
Batting: RHB Kevin Wilson 0-0: Foul Ball, location: 2F
0-1: Ground out U3 (Groundball, 3S)
Preston Wooten to second
Batting: RHB Germán Ontiveros 0-0: Called Strike
0-1: Called Strike
0-2: Ball
1-2: Ball
2-2: Foul Ball, location: 2F
2-2: Strikes out swinging
Batting: LHB Vernon Hill 0-0: Called Strike
0-1: Called Strike
0-2: Ball
1-2: Foul Ball, location: 2F
1-2: SINGLE (Flyball, 89M)
Preston Wooten to third
Runner from 3rd tries for Home, SAFE, throw made home
Vernon Hill to second
Batting: RHB Juan García 0-0: Foul Ball, location: 2F
0-1: Ball
1-1: Ball
2-1: Called Strike
2-2: Ball
3-2: DOUBLE (Line Drive, 9LD)
Vernon Hill scores
Batting: SHB Tony Varela 0-0: Ball
1-0: Ball
2-0: Swinging Strike
2-1: Ball
3-1: SINGLE (Flyball, 56D)
Juan García to third
Runner from 3rd tries for Home, SAFE, no throw
Batting: RHB Gonzalo García 0-0: Foul Ball, location: 2F
0-1: Ball
1-1: Swinging Strike
1-2: Strikes out swinging
Top of the 6th over - 3 runs, 4 hits, 0 errors, 1 left on base; Chula Vista 3 - Jasper 3
BOTTOM OF THE 6TH
Jasper Cougars batting - Pitching for Chula Vista Tacos : RHP Hoyt Baldwin
Batting: LHB John Miller 0-0: Ball
1-0: Ball
2-0: Called Strike
2-1: Ball
3-1: Base on Balls
Batting: RHB José Maldonado 0-0: Ball
1-0: Called Strike
John Miller steals 2nd base
1-1: Ground out 3-1 (Groundball, 34)
John Miller to third
Batting: RHB Júlio González 0-0: Ball
1-0: Foul Ball, location: 2F
1-1: Swinging Strike
1-2: Foul Ball, location: 2F
1-2: Hit by Pitch
Pitching: RHP Manny Cook
Batting: SHB Jerry Young 0-0: Ball
1-0: Ball
2-0: Ball
3-0: Base on Balls
Júlio González to second
Batting: RHB Alberto Morín 0-0: Ball
1-0: Ball
2-0: Grounds into fielders choice 5-2 (Groundball, 56S)
Júlio González to third
Jerry Young to second
Batting: RHB Alberto Castillo 0-0: Called Strike
0-1: Ground out 4-3 (Groundball, 4)
Bottom of the 6th over - 0 runs, 0 hits, 0 errors, 3 left on base; Chula Vista 3 - Jasper 3
TOP OF THE 7TH
Chula Vista Tacos batting - Pitching for Jasper Cougars : LHP Logan Brown
Batting: RHB Nelson Wright 0-0: Swinging Strike
0-1: Swinging Strike
0-2: Ground out 5-3 (Groundball, 5)
Batting: RHB Dan Salazar 0-0: Ball
1-0: Ball
2-0: Ball
3-0: Base on Balls
Batting: RHB Preston Wooten 0-0: Called Strike
0-1: Swinging Strike
0-2: Ball
Wild Pitch!
Dan Salazar to second
1-2: DOUBLE (Line Drive, 78M)
Dan Salazar scores
Batting: RHB Kevin Wilson 0-0: Intentional Walk
Pitching: LHP Alfredo Maestas
Batting: RHB Germán Ontiveros 0-0: Called Strike
0-1: Ball
1-1: Foul Ball, location: 2F
1-2: Ball
2-2: Strikes out swinging
Batting: LHB Vernon Hill 0-0: Called Strike
0-1: Swinging Strike
0-2: Foul Ball, location: 2F
0-2: Ball
1-2: Strikes out swinging
Top of the 7th over - 1 run, 1 hit, 0 errors, 2 left on base; Chula Vista 4 - Jasper 3
BOTTOM OF THE 7TH
Jasper Cougars batting - Pitching for Chula Vista Tacos : RHP Manny Cook
Batting: RHB Preston Manning 0-0: Fly out, F8 (Line Drive, 8RS)
Batting: RHB Richie Sawyer 0-0: Called Strike
0-1: Fly out, F6 (Line Drive, 6)
Batting: RHB Ben Wilson 0-0: Called Strike
0-1: Swinging Strike
0-2: Ball
1-2: Ball
2-2: Strikes out swinging
Bottom of the 7th over - 0 runs, 0 hits, 0 errors, 0 left on base; Chula Vista 4 - Jasper 3
TOP OF THE 8TH
Chula Vista Tacos batting - Pitching for Jasper Cougars : LHP Alfredo Maestas
Batting: RHB Juan García 0-0: Ball
1-0: Foul Ball, location: 2F
1-1: Ball
2-1: Ball
3-1: Base on Balls
Batting: SHB Tony Varela 0-0: Ball
1-0: Sac Bunt - play at first, batter OUT! 3-4
Juan García to second
Batting: RHB Gonzalo García 0-0: Called Strike
0-1: Foul Ball, location: 2F
0-2: Ball
1-2: Ball
2-2: Foul Ball, location: 2F
2-2: Ball
3-2: SINGLE (Line Drive, 6MD)
Juan García to third
Runner from 3rd tries for Home, SAFE, no throw
Batting: RHB Nelson Wright 0-0: Foul Ball, location: 2F
0-1: Swinging Strike
0-2: Ball
1-2: Foul Ball, location: 2F
1-2: Strikes out swinging
Batting: RHB Dan Salazar 0-0: Ball
1-0: Foul Ball, location: 2F
1-1: SINGLE (Flyball, 78S)
Gonzalo García to second
Runner from 2nd tries for 3rd, SAFE, throw made to third
Batting: RHB Preston Wooten 0-0: Called Strike
0-1: Ball
1-1: Ball
2-1: Called Strike
2-2: Foul Ball, location: 2F
2-2: Ball
3-2: Base on Balls
Dan Salazar to second
Batting: RHB Kevin Wilson 0-0: Called Strike
0-1: Ball
1-1: Fly out, F8 (Flyball, 8RD)
Top of the 8th over - 1 run, 2 hits, 0 errors, 3 left on base; Chula Vista 5 - Jasper 3
BOTTOM OF THE 8TH
Jasper Cougars batting - Pitching for Chula Vista Tacos : RHP Manny Cook
Pitching: LHP Alonso Parrish
Now at 1B: Eric Green
Now in LF: Charles Walters
Batting: LHB John Miller 0-0: Ball
1-0: Swinging Strike
1-1: SOLO HOME RUN (Flyball, 9D), Distance : 339 ft
Pitching: RHP Chet Miller
Batting: RHB José Maldonado 0-0: Ball
1-0: Ball
2-0: SINGLE (Line Drive, 34)
Pinch Hitting: SHB Lonnie Washington 0-0: Fly out, F8 (Flyball, 89D)
Batting: SHB Jerry Young 0-0: Fly out, F8 (Flyball, 8RD)
Batting: RHB Alberto Morín 0-0: Called Strike
0-1: Ball
1-1: Ball
2-1: Foul Ball, location: 2F
2-2: Strikes out swinging
Bottom of the 8th over - 1 run, 2 hits, 0 errors, 1 left on base; Chula Vista 5 - Jasper 4
TOP OF THE 9TH
Chula Vista Tacos batting - Pitching for Jasper Cougars : LHP Alfredo Maestas
Now at 2B: Lonnie Washington
Batting: RHB Germán Ontiveros 0-0: Called Strike
0-1: Fly out, F6 (Line Drive, 6M)
Batting: LHB Vernon Hill 0-0: Swinging Strike
0-1: Foul Ball, location: 2F
0-2: Ball
1-2: Strikes out looking
Batting: RHB Juan García 0-0: Ball
1-0: SINGLE (Line Drive, 8LS)
Batting: SHB Tony Varela 0-0: Called Strike
0-1: Foul Ball, location: 2F
0-2: Foul Ball, location: 2F
0-2: Foul Ball, location: 2F
0-2: Hit by Pitch
Juan García to second
Batting: RHB Gonzalo García 0-0: Swinging Strike
0-1: SINGLE (Groundball, 4MD)
Juan García to third
Tony Varela to second
Runner from 3rd tries for Home, throw and OUT!
Top of the 9th over - 0 runs, 2 hits, 0 errors, 2 left on base; Chula Vista 5 - Jasper 4
BOTTOM OF THE 9TH
Jasper Cougars batting - Pitching for Chula Vista Tacos : RHP Chet Miller
Pitching: RHP Pat Hanna
Now at C: Miguel Murillo
Now at 3B: Juan Vélez
Batting: RHB Alberto Castillo 0-0: Called Strike
0-1: Ball
1-1: Foul Ball, location: 2F
1-2: Ground out 5-3 (Groundball, 56)
Pinch Hitting: RHB Brent Allen 0-0: Called Strike
0-1: Ball
1-1: SINGLE (Line Drive, 9S)
Batting: RHB Richie Sawyer 0-0: Ball
1-0: Called Strike
1-1: Ball
2-1: Fly out, F7 (Flyball, 78S)
Batting: RHB Ben Wilson 0-0: Called Strike
0-1: Called Strike
0-2: Strikes out swinging
Bottom of the 9th over - 0 runs, 1 hit, 0 errors, 1 left on base; Chula Vista 5 - Jasper 4
Saturday, December 16th, 2017 - OOTP Baseball 18.8 Build 76